 Dungeon Crawl Stone Soup version 0.30-a0-586-g23e55c9e0a (webtiles) character file.

Game seed: 14410522117484531235

491 M4edhros the Trooper (level 7, 0/49 HPs)
             Began as an Octopode Fighter on Jan 3, 2023.
             Was an Initiate of Cheibriados.
             Killed from afar by an orc wizard (9 damage)
             ... with a magic dart
             ... on level 5 of the Dungeon.
             The game lasted 00:03:19 (3127 turns).

M4edhros the Trooper (Octopode Fighter)             Turns: 3127, Time: 00:03:20

Health: 0/49       AC:  1    Str: 17    XL:     7   Next: 14%
Magic:  8/8        EV: 14    Int: 11    God:    Cheibriados [......]
Gold:   132        SH:  5    Dex: 14    Spells: 6/6 levels left

rFire   . . .      SeeInvis .    a - +0 trident
rCold   . . .      Faith    .    b - +0 buckler
rNeg    . . .      Spirit   .    (helmet restricted)
rPois   .          Reflect  .    (no amulet)
rElec   .          Harm     .    j - ring of willpower
rCorr   .          Rampage  .    (no ring)
Will    +....                    (no ring)
Stlth   ++                       (no ring)
HPRegen 0.28/turn                (no ring)
MPRegen 0.11/turn                (no ring)
                                 (no ring)
                                 (no ring)

@: very slow
A: almost no armour, amphibious, 8 rings, camouflage 1, gelatinous body 1,
(nimble swimmer 1), tentacles
a: Renounce Religion


You were on level 5 of the Dungeon.
You worshipped Cheibriados.
Cheibriados was noncommittal.
You visited 2 branches of the dungeon, and saw 6 of its levels.

You collected 286 gold pieces.
You spent 126 gold pieces at shops.
You donated 28 gold pieces to Zin.

Inventory:

Hand Weapons
 a - a +0 trident (weapon)
Missiles
 k - 5 atropa-tipped darts (quivered)
 p - a throwing net
 s - 8 poisoned darts
Armour
 b - a +0 buckler (worn)
Jewellery
 j - a ring of willpower (left tentacle)
Wands
 o - a wand of iceblast (12)
 u - a wand of paralysis (3)
Scrolls
 d - 3 scrolls of enchant weapon {unknown}
 e - 2 scrolls of fog {unknown}
 g - a scroll of fear {unknown}
 h - 5 scrolls of identify {unknown}
 i - a scroll of magic mapping {unknown}
 l - a scroll of blinking
 m - 5 scrolls of teleportation
 n - a scroll of vulnerability {unknown}
 q - a scroll of enchant armour {unknown}
 r - a scroll of silence {unknown}
Potions
 c - a potion of might
 f - a potion of berserk rage
 t - a potion of mutation {unknown}


   Skills:
 + Level 4.5 Fighting
 + Level 3.9 Polearms
 + Level 4.5 Dodging
 + Level 4.5 Shields
 * Level 0.0 Unarmed Combat
 * Level 2.0 Invocations


You had 6 spell levels left.
You didn't know any spells.
Your spell library contained the following spells:

 Spells                   Type           Power      Damage    Failure   Level
 Slow                     Hex            0%         N/A       41%         1
 Summon Small Mammal      Summ           0%         N/A       41%         1
 Cigotuvi's Dreadful Rot  Necr/Pois/Air  0%         N/A       56%         2
 Call Canine Familiar     Summ           0%         N/A       80%         3
 Confusing Touch          Hex            0%         N/A       80%         3
 Summon Guardian Golem    Hex/Summ       0%         N/A       80%         3
 Vampiric Draining        Necr           0%         2d6       80%         3
 Dispel Undead            Necr           0%         3d6       99%         4
 Death Channel            Necr           0%         N/A       100%        6


Dungeon Overview and Level Annotations

Branches:
Dungeon (5/15)             Temple (1/1) D:4

Altars:
Ashenzari
Cheibriados
Dithmenos
Elyvilon
Gozag
Hepliaklqana
Kikubaaqudgha
Makhleb
Nemelex Xobeh
Okawaru
Qazlal
Ru
Sif Muna
Trog
Uskayaw
Vehumet
Wu Jian
Yredelemnul
Zin

Shops:
D:2 ?   D:4 :


Innate Abilities, Weirdness & Mutations

You cannot wear most types of armour.
You are amphibious.
You can wear up to eight rings at the same time.
Your skin changes colour to match your surroundings (Stealth+).
Your rubbery body absorbs attacks. (AC +1, EV +1)
((You are camouflaged when in or above water. (Stealth+)))
You have tentacles for arms and can constrict up to eight enemies at once.


Message History

Cheibriados appreciates the change of pace.
The orc misses you.
You barely miss the orc. Your grab misses the orc. You block the orc's attack.
You hear some strange, mumbled words.
A puff of flame appears from out of thin air!
The puff of flame hits you!
You hit the orc. Your grab misses the orc. You squeeze the orc.
You kill the orc!
Cheibriados appreciates the change of pace.
Something hits you but does no damage.
No target in view!
No target in view!
No target in view!
No target in view!
You hit something. You block something's attack. Something barely misses you.
You closely miss something. Something hits you.
You barely miss something. Your squeeze misses something. Something hits you.
You barely miss something. Your squeeze misses something.
Something barely misses you.
You closely miss something. Something hits you.
You hit something but do no damage. Your squeeze misses something.
Something hits you.
You hit something. You squeeze something. You block something's attack.
You closely miss something.
You hear some strange, mumbled words.
Something tries to affect you, but you resist.
You hit something but do no damage.
You hear some strange, mumbled words.
A puff of flame appears from out of thin air!
The puff of flame hits you!
* * * LOW HITPOINT WARNING * * *
Something hits you.
* * * LOW HITPOINT WARNING * * *
You hit something. You squeeze something. Something hits you.
* * * LOW HITPOINT WARNING * * *
You barely miss something.
You hear some strange, mumbled words.
A magic dart appears from out of thin air!
The magic dart hits you!
You die...

##### ## ....# .#
###.#############.#####
......................#
##.#########.......[..#.
...# #......?..... ####
#...........> #
###..........# #
........@.....# #
.........{)....#
...............#
...............#
.####..........#
#..........#
#..........#
#..........#


There were no monsters in sight!

Vanquished Creatures
  A black bear (D:4)
  A bullfrog (D:4)
  A scorpion (D:4)
  2 necrophages (D:4)
  A howler monkey (D:4)
  Jessica (D:3)
  An adder (D:4)
  2 worms
  A dart slug (D:1)
  4 orcs (D:5)
  10 bats
  5 endoplasms
  5 giant cockroaches
  9 goblins
  7 hobgoblins
  3 kobolds
  A quokka (D:2)
  6 ball pythons
  5 frilled lizards
  7 rats
73 creatures vanquished.

Vanquished Creatures (others)
  8 plants (D:4)
8 creatures vanquished.

Grand Total: 81 creatures vanquished

Notes
Turn   | Place    | Note
-------+----------+-------------------------------------------
     0 | D:1      | M4edhros the Octopode Fighter began the quest for the Orb.
     0 | D:1      | Reached XP level 1. HP: 16/16 MP: 1/1
   171 | D:2      | Reached XP level 2. HP: 21/21 MP: 2/2
   352 | D:3      | Reached XP level 3. HP: 26/26 MP: 3/3
   425 | D:3      | Noticed Jessica
   427 | D:3      | Killed Jessica
   459 | D:4      | Noticed a necrophage
   466 | D:4      | Killed a necrophage
   467 | D:4      | Reached XP level 4. HP: 18/33 MP: 4/4
   558 | D:4      | Reached XP level 5. HP: 37/37 MP: 5/5
   682 | D:4      | Found a staircase to the Ecumenical Temple.
   688 | D:4      | Noticed a black bear
   693 | D:4      | Killed a black bear
   694 | D:4      | Reached XP level 6. HP: 31/43 MP: 6/6
   696 | Temple   | Entered the Ecumenical Temple
   843 | Temple   | Became a worshipper of Zin the Law-Giver
   843 | Temple   | Reached * piety under Zin
  1108 | D:2      | Found Guora's Magic Scroll Shop.
  1112 | D:2      | Bought a scroll of blinking for 90 gold pieces
  1112 | D:2      | Bought a scroll of teleportation for 36 gold pieces
  1351 | D:1      | Reached ** piety under Zin
  2559 | D:4      | Reached skill level 1 in Invocations
  2654 | D:4      | Reached XP level 7. HP: 44/49 MP: 8/8
  2779 | D:4      | Reached *** piety under Zin
  2924 | D:4      | Found Byptypt's Book Boutique.
  3000 | Temple   | Fell from the grace of Zin
  3000 | Temple   | Became a worshipper of Cheibriados the Contemplative
  3067 | D:5      | Entered Level 5 of the Dungeon
  3127 | D:5      | Killed from afar by an orc wizard

Illustrated notes

Levels and vault maps discovered:
D:1:      dpeg_arrival_arbitrary_c, layout_basic
D:2:      layout_rooms, serial_shops, nicolae_shop_hallway_plus
D:3:      layout_basic, uniq_jessica
D:4:      layout_basic, minmay_temple_entry_gardened_gates, serial_shops,
          kennysheep_little_box
D:5:      layout_basic
Temple:   compressed_dpeg_triangle_lava_temple

Skill      XL: |  1  2  3  4  5  6  7 |
---------------+----------------------+-----
Polearms       | 3 |  3.9
Dodging        | 4 |  4.5
Fighting       | 4 |  4.5
Shields        | 4 |  4.5
Invocations    | 1 2 |  2.0

Action                   |  1- 3 |  4- 6 |  7- 9 || total
-------------------------+-------+-------+-------++-------
Melee: Trident           |    44 |    91 |    21 ||   156
       Tentacles         |     8 |    18 |     4 ||    30
       Constrict         |     5 |    17 |     2 ||    24
       Punch             |       |     1 |       ||     1
  Use: Potion            |       |     4 |       ||     4
 Stab: Sleeping          |     6 |     8 |       ||    14
       Distracted        |       |     2 |       ||     2
Armor: Skin              |     4 |     8 |     1 ||    13
Dodge: Dodged            |    14 |    34 |     7 ||    55
Block: Buckler           |     2 |    18 |     3 ||    23

Table legend: (Time is in decaauts)
 A = Elapsed time spent in this place.
 B = Non-inter-level travel time spent in this place.
 C = Inter-level travel time spent in this place.
 D = Time resting spent in this place.
 E = Time spent auto-exploring this place.
 F = Levels seen in this place.
 G = Mean time per level.
                   A        B        C        D        E       F      G
               +--------+--------+--------+--------+--------+-----+--------+
         Total |   3195 |   2813 |    382 |      0 |   2328 |   6 |  532.5 |
       Dungeon |   3002 |   2665 |    337 |      0 |   2227 |   5 |  600.4 |
        Temple |    193 |    149 |     44 |      0 |    101 |   1 |  193.0 |
               +--------+--------+--------+--------+--------+-----+--------+

Top non-repeatable levels by time:
     D:4: 972 daAuts
     D:3: 784 daAuts
     D:1: 739 daAuts
     D:2: 433 daAuts
  Temple: 193 daAuts
     D:5: 73 daAuts
